 Dungeon Crawl Stone Soup version 0.28.0-53-g5a82cb258f (webtiles) character file.

Game seed: 301588475535094798

45 nshep25 the Ruffian (level 3, 0/28 HPs)
             Began as a Draconian Transmuter on July 15, 2022.
             Slain by a worm (3 damage)
             ... on level 2 of the Dungeon.
             The game lasted 00:11:58 (2366 turns).

nshep25 the Ruffian (Draconian Transmuter)          Turns: 2366, Time: 00:11:59

Health: 0/28       AC:  5    Str: 12    XL:     3   Next: 42%
Magic:  5/6        EV: 12    Int: 15    God:
Gold:   51         SH:  0    Dex: 11    Spells: 1/7 levels left

rFire   . . .      SeeInvis .     - Unarmed
rCold   . . .      Faith    .   (no shield)
rNeg    . . .      Spirit   .   (armour unavailable)
rPois   .          Reflect  .   (helmet restricted)
rElec   .          Harm     .   (no cloak)
rCorr   .          Rampage  .   (no gloves)
Will    .....                   (no boots)
Stlth   +.........              (no amulet)
HPRegen 0.09/turn               (no ring)
MPRegen 0.10/turn               (no ring)

@: wereblooded
A: AC +5, unfitting armour, cold-blooded
a: no special abilities


You were on level 2 of the Dungeon.
You visited 1 branch of the dungeon, and saw 2 of its levels.

You collected 51 gold pieces.

Inventory:

Hand Weapons
 b - a +0 whip
 c - a +0 dagger
 e - a +0 whip
 h - a +1 dagger of venom
 i - a +0 dagger
 j - a +0 dagger
 k - a +0 dagger
Missiles
 a - 41 stones
 m - 2 large rocks
Scrolls
 l - a scroll of identify {unknown}
Potions
 d - a potion of heal wounds {unknown}
 f - a potion of haste {unknown}
 g - a potion of brilliance {unknown}
 n - a potion of might {unknown}


   Skills:
 + Level 1.1 Fighting
 + Level 2.1 Dodging
 + Level 3.8 Unarmed Combat
 + Level 2.5 Spellcasting
 + Level 2.0 Transmutations


You had one spell level left.
You knew the following spells:

 Your Spells              Type           Power      Damage    Failure   Level
a - Beastly Appendage     Tmut           16%        N/A       9%          1
b - Wereblood             Tmut           8%         N/A       14%         2
c - Spider Form           Tmut/Pois      5%         N/A       38%         3

Your spell library contained the following spells:

 Spells                   Type           Power      Damage    Failure   Level
 Ice Form                 Ice/Tmut       5%         N/A       80%         4


Dungeon Overview and Level Annotations

Branches:
Dungeon (2/15)

Altars:

Shops:
D:1 *


Innate Abilities, Weirdness & Mutations

Your plain brown scales are hard. (AC +5)
You cannot fit into any form of body armour.
You are cold-blooded and may be slowed by cold attacks.


Message History

You barely miss the frilled lizard. The endoplasm misses you.
You hit the frilled lizard.
You feel a bit better.
You kill the frilled lizard!
The goblin closely misses you. The endoplasm hits you.
You closely miss the goblin. The goblin hits you but does no damage.
The endoplasm barely misses you.
You completely miss the goblin.
Your tail-slap misses the goblin.
You howl as the wereblood boils in your veins!
The goblin hits you with a +0 club. The endoplasm freezes you.
You are frozen.
You feel yourself slow down. The worm misses you.
You closely miss the goblin. The goblin hits you with a +0 club.
The endoplasm barely misses you.
You barely miss the goblin. The goblin hits you with a +0 club.
The endoplasm freezes you.
You are frozen.
You feel as though you will be slow longer.
The worm barely misses you. The goblin hits you with a +0 club.
The endoplasm freezes you.
You are frozen.
* * * LOW HITPOINT WARNING * * *
The endoplasm misses you. The worm barely misses you.
You hit the endoplasm. You tail-slap the endoplasm.
You feel a bit better.
You kill the endoplasm!
You howl as the wereblood boils in your veins!
The goblin closely misses you. The worm bites you but does no damage.
You hit the worm.
The worm is moderately wounded.
The goblin hits you but does no damage. The goblin completely misses you.
The worm bites you!
* * * LOW HITPOINT WARNING * * *
You hit the worm.
The worm is heavily wounded.
You feel yourself speed up. The goblin barely misses you.
You hit the worm.
The worm is severely wounded.
You howl as the wereblood boils in your veins!
The goblin hits you but does no damage. The worm bites you.
You die...

#.#.# .####.#.#
......#.# ........#
........# ##+##
........+ #.....
...?....# ##.....#
.......@# ##.....#
......wg# #.....#
.#####..## ....
#####...####'#######+#
#.....................
#..############..######
. #########>##
#.........# #........##
#


You could see a worm and a goblin.

Vanquished Creatures
  A dart slug (D:1)
  6 endoplasms
  A giant cockroach (D:1)
  A goblin (D:1)
  A hobgoblin (D:1)
  8 jackals (D:1)
  9 kobolds (D:1)
  A quokka (D:1)
  3 ball pythons
  3 bats (D:1)
  4 frilled lizards
38 creatures vanquished.

Notes
Turn   | Place    | Note
-------+----------+-------------------------------------------
     0 | D:1      | nshep25 the Draconian Transmuter began the quest for the
                  | Orb.
     0 | D:1      | Reached XP level 1. HP: 16/16 MP: 3/3
   149 | D:1      | Found Soddiv's General Store.
   634 | D:1      | Reached XP level 2. HP: 22/23 MP: 3/5
   787 | D:1      | Found a faded altar of an unknown god.
  1233 | D:1      | Reached XP level 3. HP: 7/28 MP: 6/6
  2137 | D:1      | Learned a level 2 spell: Wereblood
  2141 | D:1      | Learned a level 3 spell: Spider Form
  2366 | D:2      | Slain by a worm

Illustrated notes

Levels and vault maps discovered:
D:1:      amcnicky_arrival_single_pillar, layout_loops_corners,
          shapermc_ecumenical_altar_totnotflames, serial_shops,
          nicolae_diamond_shop, minmay_cupped
D:2:      layout_rooms, minmay_quadrilaterals

Skill      XL: |  1  2 |
---------------+-------+-----
Dodging        | 2 |  2.1
Fighting       | |  1.1
Unarmed Combat | |  3.8
Spellcasting   | |  2.5
Transmutations | |  2.0

Action                   || total
-------------------------++-------
Melee: Unarmed           ||   100
       Kick              ||    15
       Headbutt          ||     6
       Whip              ||     2
       Tailslap          ||     9
 Cast: Beastly Appendage ||    12
       Wereblood         ||     1
Armor: Skin              ||    45
Dodge: Dodged            ||    94
